 Dungeon Crawl Stone Soup version 0.31.0-32-g396128a36d (webtiles) character file.

Game seed: 1608330711765918926

854 mainiacjoe the Sneak (level 8, -12/54 HPs)
             Began as an Octopode Delver on Mar 31, 2024.
             Was an Initiate of Gozag.
             Mangled by a vampire mosquito (13 damage)
             ... on level 6 of the Dungeon.
             The game lasted 00:15:45 (5349 turns).

mainiacjoe the Sneak (Octopode Delver)              Turns: 5349, Time: 00:15:47

Health: -12/54     AC:  1    Str: 12    XL:     8   Next: 1%
Magic:  17/17      EV: 14    Int: 18    God:    Gozag
Gold:   262        SH:  0    Dex: 15    Spells: 2/7 levels left

rFire   . . .        a - +3 rapier (elec)
rCold   . . .        (no shield)
rNeg    . . .        (helmet restricted)
rPois   +            u - amulet of the acrobat
rElec   .            j - ring of magical power
rCorr   .            w - ring of see invisible
SInv    +            x - ring of poison resistance
Will    .....        C - +6 ring of intelligence
Stlth   +++++        (no ring)
HPRegen 0.29/turn    (no ring)
MPRegen 0.15/turn    (no ring)
                     (no ring)

%: acrobat
@: gold aura, hasted, very quick
A: almost no armour, amphibious, 8 rings, camouflage 1, gelatinous body 1,
(nimble swimmer 1), tentacles
a: Renounce Religion, Potion Petition, Call Merchant, Bribe Branch


You were on level 6 of the Dungeon.
You worshipped Gozag.
Gozag was aware of your devotion.
You visited 1 branch of the dungeon, and saw 6 of its levels.

You collected 956 gold pieces.
You spent 490 gold pieces at shops.
You paid 204 gold pieces to Gozag.

Inventory:

Hand Weapons
 a - a +3 rapier of electrocution (weapon)
 b - a +0 sling of flaming
 i - a +2 short sword of protection
 y - a +1 falchion of holy wrath
Missiles
 m - a throwing net {=F}
 s - 14 poisoned darts
 v - 45 stones
Jewellery
 j - a ring of magical power (left tentacle)
 t - an amulet of magic regeneration
 u - an amulet of the acrobat (around mantle)
 w - a ring of see invisible (right tentacle)
 x - a ring of poison resistance (on tentacle)
 C - a +6 ring of intelligence (on tentacle)
Wands
 f - a wand of digging (3)
 g - a wand of quicksilver (3)
 A - a wand of roots (4)
Scrolls
 c - 2 scrolls of revelation
 d - 3 scrolls of fear
 n - a scroll of noise
 r - 5 scrolls of fog
 B - a scroll of identify
Potions
 h - a potion of heal wounds
 k - a potion of magic {unknown}
 l - a potion of enlightenment {unknown}
 o - 2 potions of curing
 p - a potion of might {unknown}
 q - a potion of ambrosia {unknown}
 z - 2 potions of lignification {unknown}
 D - a potion of berserk rage {unknown}


   Skills:
 - Level 3.8 Fighting
 + Level 6.1 Short Blades
 - Level 3.1 Dodging
 - Level 7.4 Stealth
 + Level 5.1 Alchemy


You had 2 spell levels left.
You knew the following spells:

 Your Spells              Type           Power      Damage    Failure   Level
a - Sting                 Conj/Alch      36%        1d5       8%          1
b - Olgreb's Toxic Radia  Alch           18%        N/A       26%         4

Your spell library contained the following spells:

 Spells                   Type           Power      Damage    Failure   Level
 Mercury Vapours          Alch/Air       18%        N/A       12%         2
 Scorch                   Fire           0%         2d5       32%         2
 Flame Wave               Conj/Fire      0%         2d4       91%         4
 Sculpt Simulacrum        Ice/Alch       4%         N/A       100%        6
 Summon Cactus Giant      Summ           0%         N/A       100%        6
 Ozocubu's Refrigeration  Ice            0%         4d7       100%        7
 Polar Vortex             Ice            0%         N/A       100%        9


Dungeon Overview and Level Annotations

Branches:
Dungeon (6/15)
 Temple: D:4-7

Altars:
Gozag
Makhleb
Nemelex Xobeh
Trog
Wu Jian
Yredelemnul

Shops:
D:2 =

Annotations:
D:3 1 runed translucent door, Crazy Yiuf, Grinder, Ijyb, Sigmund


Innate Abilities, Weirdness & Mutations

You cannot wear most types of armour.
You are amphibious.
You can wear up to eight rings at the same time.
Your skin changes colour to match your surroundings (Stealth+).
Your rubbery body absorbs attacks. (AC +1, EV +1)
((You are camouflaged when in or above water. (Stealth+)))
You have tentacles for arms and can constrict up to eight enemies at once.


Message History

Roots grab the vampire mosquito.
Roots grab the iguana.
Roots grab the vampire mosquito. x2
The grasping roots constrict the vampire mosquito. x3
The grasping roots constrict the iguana.
You kill the iguana!
The vampire mosquito struggles to escape constriction.
The vampire mosquito bites you.
The vampire mosquito draws strength from your injuries!
The vampire mosquito bites you.
* * * LOW HITPOINT WARNING * * *
The vampire mosquito draws strength from your injuries!
The vampire mosquito escapes!
The vampire mosquito barely misses you. The vampire mosquito bites you.
* * * LOW HITPOINT WARNING * * *
The vampire mosquito draws strength from your injuries!
You have reached level 8!
You feel much better.
The grasping roots constrict the vampire mosquito!
The grasping roots constrict the vampire mosquito.
The roots release their grip on the vampire mosquito. x2
The vampire mosquito barely misses you.
The vampire mosquito closely misses you.
The vampire mosquito is distracted by your dazzling golden aura.
The vampire mosquito barely misses you. The vampire mosquito bites you.
The vampire mosquito draws strength from your injuries!
The vampire mosquito buzzes angrily.
The vampire mosquito is no longer distracted by gold.
The vampire mosquito attacks as it pursues you!
The vampire mosquito misses you. x2; The vampire mosquito bites you!
* * * LOW HITPOINT WARNING * * *
The vampire mosquito draws strength from your injuries!
You feel yourself speed up. The vampire mosquito bites you!
* * * LOW HITPOINT WARNING * * *
The vampire mosquito draws strength from your injuries!
The vampire mosquito barely misses you.
The vampire mosquito closely misses you.
The vampire mosquito is distracted by your dazzling golden aura.
The vampire mosquito bites you!
You die...
Your body crumbles into a pile of gold.

.. #........................
##.##..................).....
..............[...###........
#..$.####................
##......#..........#.).##
#.#...................#
#.....$..............##
##....yy............##
#.....y@............#
##..._...............####
##........................
................)......#...
##....................###..
#.............>.....#####.
#........)................
...................###....
##......>..........# #####


You could see 3 vampire mosquitoes.

Vanquished Creatures
  A vampire mosquito (D:5)
  Menkaure (D:5)
  A phantom (D:5)
  3 wights (D:6)
  An orc priest (D:5)
  A bombardier beetle (D:5)
  A hound (D:6)
  4 iguanas
  Robin (D:2)
  6 adders
  A dart slug (D:4)
  4 ribbon worms
  19 orcs
  13 bats
  7 endoplasms
  4 giant cockroaches
  14 goblins
  7 hobgoblins
  2 jackals (D:1)
  7 kobolds
  8 quokkas
  7 ball pythons
  3 frilled lizards
  6 rats
122 creatures vanquished.

Notes
Turn   | Place    | Note
-------+----------+-------------------------------------------
     0 | D:5      | mainiacjoe the Octopode Delver began the quest for the Orb.
     0 | D:5      | Reached XP level 1. HP: 16/16 MP: 1/1
     5 | D:5      | Found an opulent altar of Gozag.
    19 | D:5      | Noticed Menkaure
   105 | D:5      | Noticed a bombardier beetle
   299 | D:5      | Noticed a phantom
   339 | D:4      | Reached XP level 2. HP: 18/21 MP: 2/2
   515 | D:4      | Found an ornate altar of the Wu Jian Council.
   534 | D:4      | Reached XP level 3. HP: 23/26 MP: 3/3
   627 | D:5      | Became a worshipper of Gozag Ym Sagoz the Greedy
   722 | D:3      | Reached skill level 7 in Stealth
   776 | D:2      | Noticed Robin
  1356 | D:1      | Reached XP level 4. HP: 31/31 MP: 4/4
  2025 | D:2      | Killed Robin
  2449 | D:2      | Found Senorua's Jewellery Shop.
  2474 | D:2      | Bought a ring of see invisible for 210 gold pieces
  2474 | D:2      | Bought a ring of poison resistance for 280 gold pieces
  2478 | D:2      | Learned a level 1 spell: Sting
  2500 | D:2      | Reached XP level 5. HP: 37/37 MP: 5/5
  2907 | D:3      | Noticed Sigmund
  3028 | D:3      | Found a runed translucent door.
  3029 | D:3      | Noticed Crazy Yiuf
  3095 | D:3      | Noticed Ijyb
  3152 | D:3      | Found a sparkling altar of Nemelex Xobeh.
  3273 | D:3      | Noticed Grinder
  4012 | D:5      | Killed a phantom
  4013 | D:5      | Reached XP level 6. HP: 43/43 MP: 6/6
  4371 | D:5      | Found a basalt altar of Yredelemnul.
  4523 | D:5      | Found a bloodstained altar of Trog.
  4644 | D:5      | Killed Menkaure
  4645 | D:5      | Reached XP level 7. HP: 47/47 MP: 7/7
  4697 | D:6      | Reached skill level 5 in Short Blades
  4752 | D:6      | Noticed a vampire mosquito
  4880 | D:6      | Learned a level 4 spell: Olgreb's Toxic Radiance
  4892 | D:6      | Noticed a vampire mosquito
  4892 | D:6      | Noticed a vampire mosquito
  4954 | D:6      | Found a burning altar of Makhleb.
  4966 | D:6      | Noticed a vampire mosquito
  5172 | D:5      | Killed a vampire mosquito
  5173 | D:5      | Reached skill level 5 in Alchemy
  5347 | D:6      | Reached XP level 8. HP: 9/54 MP: 8/8
  5349 | D:6      | HP: 1/54 [vampire mosquito (13)]
  5349 | D:6      | Mangled by a vampire mosquito

Illustrated notes

Levels and vault maps discovered:
D:1:      dpeg_arrival_connections, layout_loops_ring, minmay_tree_intersection,
          feat_on_display
D:2:      layout_basic, serial_shops, nicolae_shop_peninsula, uniq_robin
D:3:      layout_loops_corners, mainiacjoe_overflow_alcove_1, st_stairs_8,
          dreamdust_wishing_well, uniq_ijyb, uniq_grinder, uniq_sigmund,
          uniq_crazy_yiuf_cottage
D:4:      layout_cave_pools, nicolae_wu_jian_wuxing_cycle, roderic_batcave
D:5:      nicolae_cairo_tiling_very_big, layout_rooms, lemuel_crystal_altar,
          mainiacjoe_overflow_cross_hatched, lemuel_round_altar, uniq_menkaure
D:6:      layout_rooms, bloody_makhleb

Skill      XL: |  1  2  3  4  5  6  7 |
---------------+----------------------+-----
Stealth        | 7 |  7.4
Dodging        | 3 |  3.1
Short Blades   | 3 4 6 |  6.1
Alchemy        | 2 4 5 |  5.1
Fighting       | |  3.8

Action                     |  1- 3 |  4- 6 |  7- 9 || total
---------------------------+-------+-------+-------++-------
  Melee: Short sword       |     5 |       |       ||     5
         Rapier            |    62 |   105 |    28 ||   195
         Constrict         |    11 |    28 |     5 ||    44
         Tentacles         |    11 |    17 |     3 ||    31
         Punch             |       |       |     1 ||     1
   Fire: Sling             |       |    42 |    15 ||    57
  Throw: Stone             |    13 |    14 |       ||    27
   Cast: Sting             |       |     7 |       ||     7
 Invoke: Potion Petition   |       |       |     1 ||     1
  Evoke: Wand              |       |       |     4 ||     4
    Use: Scroll            |       |     7 |     2 ||     9
         Potion            |       |       |     5 ||     5
   Stab: Sleeping          |    12 |     7 |       ||    19
         Distracted        |       |     2 |       ||     2
 Armour: Skin              |    31 |    42 |    38 ||   111
  Dodge: Dodged            |    46 |    83 |    68 ||   197
